 Dungeon Crawl Stone Soup version 0.31-a0-271-gb88eb75e06 (webtiles) character file.

Game seed: 502621402034782085

108 Demosthentine the Poker (level 4, 35/35 HPs)
             Began as a Demonspawn Gladiator on July 15, 2023.
             Got out of the dungeon alive.
             The game lasted 00:01:49 (1330 turns).

Demosthentine the Poker (Demonspawn Gladiator)      Turns: 1330, Time: 00:01:50

Health: 35/35      AC:  3    Str: 15 (16) XL:     4   Next: 58%
Magic:  4/4        EV: 12    Int:  7 (10) God:
Gold:   183        SH:  0    Dex: 12 (14) Spells: 3/3 levels left

rFire   . . .        a - +0 trident
rCold   . . .        (no shield)
rNeg    . . .        b - +0 leather armour
rPois   .            (helmet restricted)
rElec   .            (no cloak)
rCorr   .            (no gloves)
SInv    .            (no boots)
Will    .....        (no amulet)
Stlth   +            (no ring)
HPRegen 1.05/turn    (no ring)
MPRegen 0.09/turn

%: no passive effects
@: no status effects
A: hooves 1, powered by pain 1, antennae 1, regeneration 1
a: no special abilities


You escaped.
You visited 1 branch of the dungeon, and saw 2 of its levels.

You collected 183 gold pieces.

Inventory:

Hand Weapons
 a - a +0 trident (weapon)
Missiles
 d - 3 throwing nets (quivered)
 e - a javelin
Armour
 b - a +0 leather armour (worn)
 c - a +1 helmet
Scrolls
 f - 2 scrolls of teleportation
 h - 2 scrolls of enchant armour
Potions
 g - a potion of might
 j - a potion of berserk rage


   Skills:
 + Level 3.0 Fighting
 + Level 3.3 Polearms
 - Level 1.7 Throwing
 + Level 1.7 Armour
 + Level 3.3 Dodging


You had 3 spell levels left.
You didn't know any spells.
Your spell library was empty.

Dungeon Overview and Level Annotations

Branches:
Dungeon (2/15)

Altars:


Innate Abilities, Weirdness & Mutations

You have large cloven feet.
You sometimes gain a little power by taking damage.
You have a pair of small antennae on your head.
Your natural rate of healing is unusually fast.


Message History

Done exploring.
No target in view!
No target in view!
Done exploring.
Done exploring.
Done exploring.
Done exploring.
Search for what [Enter for "."]? .
You see here a +0 short sword.
Things that are here:
a +0 club; 3 poisoned darts You see here a potion of mutation.
k - a potion of mutation Really quaff the potion of mutation?
You feel extremely strange.
You feel weaker. A pair of antennae grows on your head!
Your +1 helmet falls away!
You begin to heal more quickly.
As you read the scroll labelled ZIZAUS ZETTITI, it crumbles to dust.
You feel strangely unstable.
It was a scroll of teleportation.
As you read the scroll labelled SUICKO NUUSIUD, it crumbles to dust.
It is a scroll of identify.
j - a potion of berserk rage
(D) Dungeon
Where to? (Enter - D:2 @ (x,y), ? - help)
What level of the Dungeon? (default 1, ? - help)
Your surroundings suddenly seem different.
(D) Dungeon
Where to? (Enter - D:1, ? - help)
What level of the Dungeon? (default 1, ? - help)
There is a stone staircase leading up here.
You climb upwards.
There is a stone staircase leading down here.
There is an open door here.
As you open the door, it creaks loudly!
There is an open door here.
There is an open door here.
There is a staircase leading out of the dungeon here.
Are you sure you want to leave the Dungeon?
This will make you lose the game!
You have escaped!

######## #......#
#.####.# #.#..#.#
#.'@.+.# #.#..#.#
###'####.#
#.+......#
#.#'###### ##
#...#
.###########.###
..........##.####
#########.......#


There were no monsters in sight!

Vanquished Creatures
  7 adders (D:2)
  2 worms (D:2)
  2 dart slugs (D:2)
  2 bats
  4 endoplasms
  A giant cockroach (D:2)
  4 hobgoblins
  A quokka (D:1)
  4 ball pythons
  A frilled lizard (D:2)
  3 goblins
  5 kobolds
  5 rats
41 creatures vanquished.

Notes
Turn   | Place    | Note
-------+----------+-------------------------------------------
     0 | D:1      | Demosthentine the Demonspawn Gladiator began the quest for
                  | the Orb.
     0 | D:1      | Reached XP level 1. HP: 16/16 MP: 1/1
    33 | D:1      | Found a faded altar of an unknown god.
   284 | D:1      | Gained mutation: You sometimes gain a little power by
                  | taking damage. [demonic ancestry]
   284 | D:1      | Reached XP level 2. HP: 22/22 MP: 2/2
   570 | D:2      | Gained mutation: Your muscles are strong. (Str +4, Int/Dex
                  | -1) [potion of mutation]
   571 | D:2      | HP: 1/23 [adder (3)]
   579 | D:2      | Reached skill level 1 in Armour
   579 | D:2      | Discovered your monstrous ancestry.
   579 | D:2      | Gained mutation: You have large cloven feet. [demonic
                  | ancestry]
   579 | D:2      | Reached XP level 3. HP: 28/28 MP: 3/3
   663 | D:2      | Reached XP level 4. HP: 11/34 MP: 4/4
  1274 | D:2      | Lost mutation: Your muscles are strong. (Str +4, Int/Dex
                  | -1) [potion of mutation]
  1274 | D:2      | Gained mutation: You have a pair of small antennae on your
                  | head. [potion of mutation]
  1274 | D:2      | Gained mutation: Your natural rate of healing is unusually
                  | fast. [potion of mutation]
  1330 | D:$      | Got out of the dungeon alive.

Illustrated notes

Levels and vault maps discovered:
D:1:      ncdulo_smallfort, layout_rooms, chequers_ecumenical_altar_simple,
          minmay_indecisive_spiral
D:2:      layout_rooms, minmay_cut_off

Skill      XL: |  1  2  3  4 |
---------------+-------------+-----
Polearms       | 3 |  3.3
Armour         | 1 |  1.7
Dodging        | 3 |  3.3
Fighting       | 3 |  3.0
Throwing       | |  1.7

Action                     |  1- 3 |  4- 6 || total
---------------------------+-------+-------++-------
  Melee: Trident           |    93 |    34 ||   127
         Punch             |     1 |       ||     1
         Kick              |     3 |     4 ||     7
    Use: Potion            |     5 |     1 ||     6
         Scroll            |     1 |     2 ||     3
 Armour: Leather armour    |    25 |     5 ||    30
  Dodge: Dodged            |    77 |    16 ||    93

Table legend: (Time is in decaauts)
 A = Elapsed time spent in this place.
 B = Non-inter-level travel time spent in this place.
 C = Inter-level travel time spent in this place.
 D = Time resting spent in this place.
 E = Time spent auto-exploring this place.
 F = Levels seen in this place.
 G = Mean time per level.
                   A        B        C        D        E       F      G
               +--------+--------+--------+--------+--------+-----+--------+
         Total |   1335 |   1281 |     54 |      0 |    978 |   2 |  667.5 |
       Dungeon |   1335 |   1281 |     54 |      0 |    978 |   2 |  667.5 |
               +--------+--------+--------+--------+--------+-----+--------+

Top non-repeatable levels by time:
     D:2: 741 daAuts
     D:1: 593 daAuts
